Description

This build opens with no reaper, into a 14 marine 1 widow mine medivac drop closely followed by a hellion run by with 2 liberators seiging both the natural and third. This build then transitions into battle mech, but could easily go into bio.

Build Order

Why is there no SALT encoding or Overwolf build?

  16  0:41  Barracks  
  16  0:42  Refinery  
  19  1:28  Barracks Reactor  Do not build a reaper, immediately build the reactor.
  19  1:29  Orbital Command  
  19  1:42  Command Center  
  22  2:04  Marine x2  Continuous production until 14 marines.
  23  2:15  Factory  
  26  2:27  Refinery  
  31  2:55  Orbital Command  At the natural
  33  3:00  Starport  Build as soon as the Factory finishes
  33  3:02  Factory Reactor  Build as soon as the Factory finishes
  42  3:39  Action  Swap starport onto Factory's reactor.
  46  3:42  Medivac x2  
  49  3:45  Widow Mine  
  53  4:11  Command Center  3rc Command Centre built in the wall at the natural.
  55  4:20  Action x2  Push out with the marines and widow mine in the medivac aiming to drop into the main. Don't worry about being scouted., Swap the Factory on the Barrack's reactor.
  59  4:22  Hellion x2  Produce 4 hellions to then run-by the natural to kill drones whilst they are distracted in the main with your drop.
  67    Liberator x2  Build 2 liberators from the starport. Then seige on in the natural mineral line and one in the third mineral line.
      Action  From this point you can either add 4 more factories and transition into battle mech or 4 more barracks and transition into bio. However battle mech seems better because you dont have to wait for stim.
Spawning Tool Build Advisor. Get it on Overwolf

Go to:

Details

  • Created by: JazzzOnYourFace
  • Published on: Oct 15, 2019
  • Modified on: Oct 15, 2019
  • Patch: 4.7.1
Show

Export as new Build Order

Comments (0)

There are no comments. Be the first!

Create an account to comment!